 Dungeon Crawl Stone Soup version 0.28-a0-1184-g53156a8862 (webtiles) character file.

Game seed: 17836227504090087648

121 emnemthenerd the Conjurer (level 5, 0/31 HPs)
             Began as an Octopode Conjurer on Dec 14, 2021.
             Slain by an orc (3 damage)
             ... on level 3 of the Dungeon on Dec 18, 2021.
             The game lasted 00:13:02 (3213 turns).

emnemthenerd the Conjurer (Octopode Conjurer)       Turns: 3213, Time: 00:13:03

Health: 0/31       AC:  1    Str:  7    XL:     5   Next: 5%
Magic:  8/8        EV: 13    Int: 20    God:
Gold:   35         SH:  0    Dex: 12    Spells: 7/8 levels left

rFire   . . .      SeeInvis .   e - +1 short sword (venom)
rCold   + . .      Faith    .   (no shield)
rNeg    . . .      Spirit   .   (helmet restricted)
rPois   .          Reflect  .   (no amulet)
rElec   .          Harm     .   b - ring of protection from cold
rCorr   .          Rampage  .   (no ring)
Will    .....                   (no ring)
Stlth   +++.......              (no ring)
HPRegen 0.10/turn               (no ring)
MPRegen 0.11/turn               (no ring)
                                (no ring)
                                (no ring)

@: lethally poisoned (0 -> -1)
A: almost no armour, amphibious, 8 rings, camouflage 1, gelatinous body 1,
(nimble swimmer 1), tentacles
a: no special abilities


You were on level 3 of the Dungeon.
You visited 1 branch of the dungeon, and saw 3 of its levels.

You collected 35 gold pieces.

Inventory:

Hand Weapons
 a - a +0 dagger
 e - a +1 short sword of venom (weapon)
Jewellery
 b - a ring of protection from cold (left tentacle)
Scrolls
 d - 2 scrolls of magic mapping {unknown}
 f - 2 scrolls of identify {unknown}
Potions
 c - a potion of lignification {unknown}
 g - a potion of curing {unknown}


   Skills:
 + Level 0.1 Fighting
 + Level 0.6 Short Blades
 + Level 2.3 Dodging
 + Level 3.9 Stealth
 + Level 0.4 Unarmed Combat
 + Level 2.3 Spellcasting
 + Level 5.2 Conjurations


You had 7 spell levels left.
You knew the following spells:

 Your Spells              Type           Power      Damage    Failure   Level
a - Magic Dart            Conj           92%        1d7       1%          1

Your spell library contained the following spells:

 Spells                   Type           Power      Damage    Failure   Level
 Searing Ray              Conj           46%        2d6       2%          2
 Dazzling Flash           Conj/Hex       24%        N/A       16%         3
 Fulminant Prism          Conj/Hex       6%         3d7       45%         4
 Iskenderun's Mystic Bla  Conj/Tloc      12%        2d5       45%         4


Dungeon Overview and Level Annotations

Branches:
Dungeon (3/15)

Altars:


Innate Abilities, Weirdness & Mutations

You cannot wear most types of armour.
You are amphibious.
You can wear up to eight rings at the same time.
Your skin changes colour to match your surroundings (Stealth+).
Your rubbery body absorbs attacks. (AC +1, EV +1)
((You are camouflaged near water. (Stealth+)))
You have tentacles for arms and can constrict up to eight enemies at once.


Message History

The adder poisons you! The goblin barely misses you.
Unknown command.
You barely miss the adder. Your grab misses the adder.
You feel sick. The adder misses you. The goblin closely misses you.
The adder misses you.
Unknown command.
You hit the adder. Your grab misses the adder.
The adder is lightly wounded.
You feel sick.
An orc comes into view. It is wielding a +0 hand axe.
The goblin hits you with a +0 dagger. The adder closely misses you.
You are too injured to fight recklessly!
You are too injured to fight recklessly!
You are too injured to fight recklessly!
Unknown command.
You are too injured to fight recklessly!
You are too injured to fight recklessly!
You are too injured to fight recklessly!
There are monsters nearby!
You are too injured to fight recklessly!
You are too injured to fight recklessly!
You miss the adder.
The orc shouts!
Your grab misses the adder.
The adder is lightly wounded.
You feel sick.
You hear a shout!
The adder closely misses you. The goblin hits you with a +0 dagger.
* * * LOW HITPOINT WARNING * * *
You miss the adder. You grab the adder.
The adder is lightly wounded.
You constrict the adder.
You feel sick. The adder misses you. The goblin misses you.
The adder closely misses you. The orc hits you with a +0 hand axe.
* * * LOW HITPOINT WARNING * * *
You hit the adder.
The adder is poisoned.
The adder is heavily wounded.
You constrict the adder.
You feel sick. The goblin hits you with a +0 dagger.
* * * LOW HITPOINT WARNING * * *
The adder misses you. The orc hits you with a +0 hand axe.
You die...

#...## .. ...... .#
# ...#. .##.
....###... #.#$.#..#
. #.#.#...######
?.#####.#.#.........
........>....#o##
.............@S.#
.............#g.#
.............#..#
..##.#.......#.... .
##.###†..###.####
#...##...# .#
..#..<..## .#
##...##### .# .....


You could see an adder (very poisoned), an orc and a goblin.

Vanquished Creatures
  Jessica (D:2)
  4 adders (D:2)
  4 dart slugs
  5 endoplasms
  2 giant cockroaches
  5 goblins
  2 hobgoblins (D:1)
  3 jackals (D:1)
  2 quokkas (D:2)
  4 ball pythons
  4 bats
  4 frilled lizards
  6 kobolds
  6 rats
52 creatures vanquished.

Vanquished Creatures (others)
  2 plants (D:1)
2 creatures vanquished.

Grand Total: 54 creatures vanquished

Notes
Turn   | Place    | Note
-------+----------+-------------------------------------------
     0 | D:1      | emnemthenerd the Octopode Conjurer began the quest for the
                  | Orb.
     0 | D:1      | Reached XP level 1. HP: 11/11 MP: 3/3
  1024 | D:1      | Reached XP level 2. HP: 17/17 MP: 3/5
  1720 | D:1      | Reached XP level 3. HP: 19/21 MP: 1/6
  2333 | D:1      | Upgraded the game from 0.28-a0-1152-g9c71ebef14 to
                  | 0.28-a0-1184-g53156a8862
  2453 | D:2      | Noticed Jessica
  2462 | D:2      | Killed Jessica
  2463 | D:2      | Reached skill level 5 in Conjurations
  2463 | D:2      | Reached XP level 4. HP: 16/27 MP: 7/7
  2678 | D:2      | Found a faded altar of an unknown god.
  3197 | D:3      | Reached XP level 5. HP: 31/31 MP: 8/8
  3213 | D:3      | Slain by an orc

Illustrated notes

Levels and vault maps discovered:
D:1:      grunt_arrival_crossed_arrows, layout_loops_ring, serial_forest,
          infiniplex_forest_lined_3, infiniplex_forest_lined_2,
          infiniplex_forest_lined_3_way, infiniplex_forest_end_2,
          infiniplex_forest_end_2, infiniplex_forest_lined_4_way
D:2:      layout_rooms, hellmonk_ecumenical_altar_heavens_door,
          grunt_ministairs_6, uniq_jessica
D:3:      layout_loops_ring

Skill      XL: |  1  2  3 |
---------------+----------+-----
Stealth        | 3 |  3.9
Conjurations   | 5 |  5.2
Fighting       | |  0.1
Short Blades   | |  0.6
Dodging        | |  2.3
Unarmed Combat | |  0.4
Spellcasting   | |  2.3

Action                   |  1- 3 |  4- 6 || total
-------------------------+-------+-------++-------
Melee: Dagger            |    23 |       ||    23
       Unarmed           |     5 |       ||     5
       Constrict         |    12 |    10 ||    22
       Tentacles         |     5 |     4 ||     9
       Short sword       |    13 |    37 ||    50
 Cast: Magic Dart        |    44 |     3 ||    47
 Stab: Sleeping          |     1 |     6 ||     7
Armor: Skin              |     5 |     1 ||     6
Dodge: Dodged            |    38 |    33 ||    71

Table legend: (Time is in decaauts)
 A = Elapsed time spent in this place.
 B = Non-inter-level travel time spent in this place.
 C = Inter-level travel time spent in this place.
 D = Time resting spent in this place.
 E = Time spent auto-exploring this place.
 F = Levels seen in this place.
 G = Mean time per level.
                   A        B        C        D        E       F      G
               +--------+--------+--------+--------+--------+-----+--------+
         Total |   3215 |   3119 |     96 |   1335 |   1206 |   3 | 1071.7 |
       Dungeon |   3215 |   3119 |     96 |   1335 |   1206 |   3 | 1071.7 |
               +--------+--------+--------+--------+--------+-----+--------+

Top non-repeatable levels by time:
     D:1: 2352 daAuts
     D:2: 831 daAuts
     D:3: 31 daAuts
